 Dungeon Sprint DCSS version 0.31-a0-675-g238779eb0a (webtiles) character file.

Game seed: 467757314348242551

85 sircluck the Ruffian (level 4, -5/66 HPs)
             Began as a Troll Berserker on Sept 5, 2023.
             Was a Believer of Trog.
             Slain by a sun demon (18 damage)
             ... summoned by a kobold demonologist
             ... in the Dungeon (Sprint III: "The Ten Rune Challenge").
             The game lasted 00:01:02 (167 turns).

sircluck the Ruffian (Troll Berserker)               Turns: 167, Time: 00:01:03

Health: -5/66      AC:  6    Str: 27    XL:     4   Next: 25%
Magic:  3/3        EV: 10    Int:  3    God:    Trog [**....]
Gold:   10         SH:  0    Dex:  9    Spells: 3/3 levels left

rFire   . .          .
                       - Unarmed
rCold   . . .        (no shield)
rNeg    . . .        a - +0 animal skin
rPois   .            (helmet restricted)
rElec   .            (no cloak)
rCorr   .            (gloves unavailable)
SInv    .            (boots unavailable)
Will    .....        (no amulet) Stlth
                     (no ring)
HPRegen 1.11/turn    (no ring)
MPRegen 0.08/turn

%: no teleportation
@: berserking, very quick
A: large, unfitting armour, claws 3, regeneration 1, shaggy fur 1, tough skin 1,
iridescent scales 1, frail 1
a: Renounce Religion, Berserk, Trog's Hand


You were in the Dungeon.
You worshipped Trog.
Trog was pleased with you.
You visited 1 branch You collected 10 gold pieces.

Inventory:

Armour
 a - a +0 animal skin (worn)
Scrolls
 g - a scroll of blinking
 i - 2 scrolls of immolation {unknown}
 j - 2 scrolls of identify {unknown}
Potions
 b - 3 potions of curing
 c - a potion of heal wounds
 d - a potion of haste
 e - 2 potions of magic
 f - a potion of berserk rage


   Skills:
 + Level 4.7 Fighting
 + Level 4.7 Dodging
 + Level 5.6 Unarmed Combat


You had 3 spell levels left.
You didn't know any spells.
Your spell library was empty.

Dungeon Overview and Level Annotations

Branches:
Dungeon (1/1)

Altars:
Kikubaaqudgha
Sif Muna
Vehumet


Innate Abilities, Weirdness & Mutations

You are too large for most types of armour.
You have claws for hands.
Your natural rate of healing is unusually fast.
You are covered in fur. (AC +1)
You have tough skin. (AC +1)
You are partially covered in iridescent scales. (AC +2)
You are frail. (-10% HP)


Message History

No target in view!
No target in view!
No target in view!
No target in view!
No target in view!
A kobold demonologist comes into view. It is wielding a +0 dagger.
The kobold demonologist shouts!
The kobold demonologist gestures wildly while chanting.
Something hits you.
There is an open door here.
You scratch something.
The kobold demonologist mumbles some strange words.
Something hits you.
You barely miss something. Something hits you.
You closely miss something. Something hits you.
The quasit bites you but does no damage.
The quasit barely misses you. The quasit closely misses you.
You barely miss something. The quasit completely misses you.
The quasit closely misses you.
The quasit claws you but does no damage.
The kobold demonologist looks encouraged for a moment.
You closely miss the sun demon. The quasit closely misses you.
The quasit claws you but does no damage. x2
The kobold demonologist casts a spell.
You claw the quasit!
The quasit is heavily wounded.
The quasit barely misses you. x2
The quasit claws you but does no damage.
The sun demon hits you!
You are engulfed in flames!
* * * LOW HITPOINT WARNING * * *
The quasit attacks as it pursues you! The quasit bites you.
* * * LOW HITPOINT WARNING * * *
The quasit claws you.
* * * LOW HITPOINT WARNING * * *
The quasit barely misses you.
You claw the sun demon!
The sun demon is lightly wounded.
A red film seems to cover your vision as you go berserk!
You feel yourself moving faster!
You feel mighty! The sun demon hits you!!
You die...

.#)..#### ##.#
.#......#####..#
##....†..#..#..#
.##.##...#..#..###+#+###+##
.##.###..##'#..#..........#
####.##..###...'.⌠........#
##..##..####...#...######+#
....##..###....#.⌠.#
#..##...##.....#@..#
†.##....#......#3###
.###..##.#.....#554# .#
#..#####....#K__# ▓▓ ▓▓▓▓
▓▓▓▓▓▓▓▓▓▓


You could see a sun demon (summoned), a kobold demonologist, a quasit (summoned)
and a crimson imp (summoned).

Vanquished Creatures
  A water elemental (D)
  A human (D)
  A phantom (D)
  An endoplasm (D)
  3 rats (D)
7 creatures vanquished.

Notes
Turn   | Place    | Note
-------+----------+-------------------------------------------
     0 | D        | sircluck the Troll Berserker began the quest for the Orb.
     0 | D        | Reached XP level 1. HP: 22/22 MP: 0/0
    24 | D        | Reached ** piety under Trog
    51 | D        | Reached skill level 4 in Unarmed Combat
    51 | D        | Reached XP level 2. HP: 31/31 MP: 1/1
    69 | D        | Noticed a water elemental
    91 | D        | Killed a water elemental
    91 | D        | Reached *** piety under Trog
    92 | D        | Reached skill level 5 in Unarmed Combat
    92 | D        | Reached XP level 3. HP: 36/40 MP: 2/2
    92 | D        | Reached XP level 4. HP: 44/49 MP: 3/3
   139 | D        | Gained mutation: Your magical capacity is low. (-10% MP)
                  | [potion of mutation]
   139 | D        | Gained mutation: You are partially covered in iridescent
                  | scales. (AC +2) [potion of mutation]
   140 | D        | Lost mutation: You are partially covered in iridescent
                  | scales. (AC +2) [potion of mutation]
   140 | D        | Lost mutation: Your magical capacity is low. (-10% MP)
                  | [potion of mutation]
   140 | D        | Gained mutation: You expend magic power (3 MP) to
                  | strengthen your wands. [potion of mutation]
   140 | D        | Gained mutation: You are partially covered in iridescent
                  | scales. (AC +2) [potion of mutation]
   140 | D        | Lost mutation: You are partially covered in iridescent
                  | scales. (AC +2) [potion of mutation]
   141 | D        | Lost mutation: You expend magic power (3 MP) to strengthen
                  | your wands. [potion of mutation]
   141 | D        | Gained mutation: You are clumsy. (Dex -2) [potion of
                  | mutation]
   141 | D        | Lost mutation: You are clumsy. (Dex -2) [potion of
                  | mutation]
   142 | D        | Gained mutation: You are frail. (-10% HP) [potion of
                  | mutation]
   142 | D        | Gained mutation: Your body sometimes deteriorates upon
                  | taking damage. [potion of mutation]
   142 | D        | Gained mutation: You possess an exceptional clarity of
                  | mind. [potion of mutation]
   143 | D        | Lost mutation: Your body sometimes deteriorates upon taking
                  | damage. [potion of mutation]
   143 | D        | Lost mutation: You possess an exceptional clarity of mind.
                  | [potion of mutation]
   143 | D        | Gained mutation: You are partially covered in iridescent
                  | scales. (AC +2) [potion of mutation]
   157 | D        | Found a radiant altar of Vehumet.
   157 | D        | Found a shimmering blue altar of Sif Muna.
   157 | D        | Found an ancient bone altar of Kikubaaqudgha.
   157 | D        | Noticed a wizard
   159 | D        | Noticed a sun demon
   164 | D        | Noticed a red devil
   167 | D        | Slain by a sun demon

Illustrated notes

Levels and vault maps discovered:
D:        dungeon_sprint_mu [sprint_mu_entry_cave, sprint_mu_temple_rooms,
          sprint_mu_d1_horrors, sprint_mu_d2_genie, sprint_mu_d3_branching,
          sprint_mu_orc_legion, sprint_mu_elf_gauntlet, sprint_mu_hive_nellie,
          sprint_mu_lair_fedhas, sprint_mu_vaults_butterflies,
          sprint_mu_slime_circle, sprint_mu_swamp_cave, sprint_mu_shoals_kraken,
          sprint_mu_blade_basic, sprint_mu_crypt_fortress,
          sprint_mu_tomb_spiral, sprint_mu_vestibule_basic,
          sprint_mu_gehenna_hellfire, sprint_mu_dis_giant,
          sprint_mu_tartarus_statrot, sprint_mu_cocytus_islands, sprint_mu_zot1]

Skill      XL: |  1  2 |
---------------+-------+-----
Fighting       | 3 4 |  4.7
Dodging        | 3 4 |  4.7
Unarmed Combat | 4 5 |  5.6

Action                     |  1- 3 |  4- 6 || total
---------------------------+-------+-------++-------
  Melee: Unarmed           |    14 |     7 ||    21
         Punch             |     1 |       ||     1
 Invoke: Berserk           |     1 |     1 ||     2
    Use: Potion            |       |     5 ||     5
 Armour: Animal skin       |     4 |    13 ||    17
  Dodge: Dodged            |     5 |     8 ||    13

Table legend: (Time is in decaauts)
 A = Elapsed time spent in this place.
 B = Non-inter-level travel time spent in this place.
 C = Inter-level travel time spent in this place.
 D = Time resting spent in this place.
 E = Time spent auto-exploring this place.
 F = Levels seen in this place.
 G = Mean time per level.
                   A        B        C        D        E       F      G
               +--------+--------+--------+--------+--------+-----+--------+
         Total |    177 |    177 |      0 |     59 |     39 |   1 |  177.0 |
       Dungeon |    177 |    177 |      0 |     59 |     39 |   1 |  177.0 |
               +--------+--------+--------+--------+--------+-----+--------+

Top non-repeatable levels by time:
       D: 177 daAuts
